 Dungeon Sprint DCSS version 0.22-a0-580-gd5db89c (webtiles) character file.

103250 George the Impregnable (level 15, 0/160 HPs)
             Began as a Minotaur Fighter on July 3, 2018.
             Was the Champion of Okawaru.
             Slain by an emperor scorpion (7 damage)
             ... in the Dungeon (Sprint IX: "|||||||||||||||||||||||||||||").
             The game lasted 00:23:47 (5755 turns).

George the Impregnable (Minotaur Fighter)           Turns: 5755, Time: 00:23:48

Health: 0/160      AC: 30    Str: 29    XL:     15   Next: 51%
Magic:  3/36       EV: 21    Int:  5    God:    Okawaru [******]
Gold:   1343       SH: 21    Dex:  9    Spells: 14/14 levels left

rFire    + . .     SeeInvis .   C - +9 long sword "Iluz" {freeze, rElec}
rCold    + + +     Gourm    .   G - +2 shield of Resistance {rF+ rC+ MR+}
rNeg     . . .     Faith    .   H - +0 storm dragon scales
rPois    .         Spirit   .   (helmet restricted)
rElec    +         Reflect  .   c - +2 cloak of George's Watchfulness {+Blink rF- rCorr Dex-4}
rCorr    +         Harm     .   z - +0 pair of gloves
MR       ++...     NoTele   +   I - +0 pair of boots of Beyond {rC+ Regen+ MP+9}
Stlth    ..........             (no amulet)
HPRegen  0.76/turn              F - ring of protection from cold
MPRegen  0.25/turn              E - ring of protection from fire

@: mighty, lethally poisoned (0 -> 0), heroism
A: retaliatory headbutt, horns 2
}: 1/15 runes: decaying
a: Heroism, Finesse, Renounce Religion, Evoke Blink


You were in the Dungeon.
You worshipped Okawaru.
Okawaru was exalted by your worship.
You were very hungry.

You visited 1 branch You collected 1943 gold pieces.
You spent 600 gold pieces at shops.

Inventory:

Hand Weapons
 a - the +8 whip "Snakebite" {curare, rPois}
   (You found it in the Dungeon)

   It poisons the flesh of those it strikes.
   It protects you from poison.
 l - the +4 morningstar of Heeddies {speed, *Slow rPois rC++ rN+}
   (Okawaru gifted it to you in the Dungeon)

   Attacks with this weapon are significantly faster.
   It greatly protects you from cold.
   It protects you from poison.
   It protects you from negative energy.
   It may slow you when you take damage.
 p - a +2 scimitar of flaming
 A - a +3 double sword of electrocution
 C - the +9 long sword "Iluz" (weapon) {freeze, rElec}
   (You found it in the Dungeon)

   It has been specially enchanted to freeze those struck by it, causing extra
   injury to most foes and up to half again as much damage against particularly
   susceptible opponents.
   It can also slow down cold-blooded creatures.
   It insulates you from electricity.
Armour
 b - a +3 large shield
 c - the +2 cloak of George's Watchfulness (worn) {+Blink rF- rCorr Dex-4}
   (Okawaru gifted it to you in the Dungeon)

   It affects your dexterity (-4).
   It makes you vulnerable to fire.
   It lets you blink.
   It protects you from acid and corrosion.
 z - a +0 pair of gloves (worn)
 G - the +2 shield of Resistance (worn) {rF+ rC+ MR+}
   (You found it in the Dungeon)

   It protects you from fire.
   It protects you from cold.
   It affects your resistance to hostile enchantments.
 H - +0 storm dragon scales (worn)
 I - the +0 pair of boots of Beyond (worn) {rC+ Regen+ MP+9}
   (You found it in the Dungeon)

   It protects you from cold.
   It affects your magic capacity (+9).
   It increases your rate of regeneration.
Jewellery
 x - an uncursed ring of poison resistance
 E - a ring of protection from fire (right hand)
 F - a ring of protection from cold (left hand)
Wands
 o - a wand of iceblast (21)
 s - a wand of scattershot (6)
 B - a wand of paralysis (3)
Scrolls
 k - 7 scrolls of blinking
 m - 5 scrolls of remove curse
 n - 2 scrolls of amnesia
 q - 2 scrolls of identify
 r - a scroll of fear
 t - 2 scrolls of enchant weapon
 y - 4 scrolls of fog
 D - 2 scrolls of enchant armour
Potions
 d - 10 potions of might
 e - 8 potions of curing
 g - 3 potions of heal wounds
 h - 2 potions of haste
 i - 4 potions of magic
 j - 6 potions of berserk rage
 u - 2 potions of agility
 v - 3 potions of resistance
 w - a potion of brilliance
Comestibles
 f - 9 rations


   Skills:
 + Level 22.2(27) Fighting
 - Level 14.0(19.0) Long Blades
 - Level 12.0(17.0) Maces & Flails
 + Level 22.2(27) Armour
 + Level 20.5(25.5) Dodging
 + Level 22.1(27) Shields
 + Level 18.7 Invocations


You had 14 spell levels left.
You didn't know any spells.
Your spell library was empty.

Dungeon Overview and Level Annotations

Branches:
Dungeon (1/1)

Altars:
Cheibriados
Dithmenos
Elyvilon
Fedhas
Gozag
Hepliaklqana
Kikubaaqudgha
Makhleb
Nemelex Xobeh
Okawaru
Qazlal
Ru
Sif Muna
Trog
Uskayaw
Vehumet
Wu Jian
Xom
Yredelemnul
Zin
The Shining One
Beogh
Jiyva
Lugonu

Shops:
D [!?*


Innate Abilities, Weirdness & Mutations

You reflexively headbutt those who attack you in melee.
You have a pair of horns on your head.


Message History

The emperor scorpion is heavily wounded.
You feel sick.
You hit the emperor scorpion. You freeze the emperor scorpion.
The emperor scorpion is heavily wounded.
You feel sick.
You block the emperor scorpion's attack. x2
The emperor scorpion completely misses you.
You gain the combat prowess of a mighty hero.
You feel sick. The emperor scorpion barely misses you.
You riposte.
You slice the emperor scorpion!! You freeze the emperor scorpion.
You headbutt the emperor scorpion!
The emperor scorpion is almost dead.
The emperor scorpion misses you.
You block the emperor scorpion's attack.
You completely miss the emperor scorpion.
You headbutt the emperor scorpion.
The emperor scorpion is almost dead.
You block the emperor scorpion's attack.
The emperor scorpion claws you!
You die...

,,,,,,,,,,,,,,,,,,,,,,,,,,,,,,,,,
*********************************
,,,,,,,,,,,,,,,,,,,,,,,,,,,,,,,,,
*********************************
,,,,,,,+,,,,,,,,,,,,,,,,,,,,,,,,,
*********************************
,,,,,,,,,,,,,,,,,,,,,,,,,,,,,,,,,
*********▓▓▓▓▓▓▓▓▓▓▓▓▓▓♣♣♣♣♣♣♣♣♣♣
,,,,,,,,+......s@..††††)†........
▓▓▓▓▓▓▓▓▓▓▓▓▓▓▓▓▓▓▓▓▓▓▓♣♣♣♣♣♣♣♣♣♣
..............................)[.
▓▓▓▓▓▓▓▓▓▓▓▓▓▓▓▓▓▓▓▓▓▓▓▓▓▓▓▓▓▓▓▓▓
.......[[[.[[...))))))..====.=.'.
▓▓▓▓▓▓▓▓▓▓▓▓▓▓▓▓▓▓▓▓▓▓▓▓▓▓▓▓▓▓▓▓▓
.................................
▓▓▓▓▓▓▓▓▓▓▓▓▓▓▓▓▓▓▓▓▓▓▓▓▓▓▓▓▓▓▓▓▓
..))))))(..(....)..[)..).[).))...


You could see an emperor scorpion.

Vanquished Creatures
  A greater mummy (D)
  Boris (D)
  Jory (D)
  A tentacled monstrosity (D)
  Rupert (D)
  A tengu reaver (D)
  3 ghost moths (D)
  5 emperor scorpions (D)
  A stone giant (D)
  2 ironheart preservers (D)
  2 very ugly things (D)
  A dire elephant (D)
  A spark wasp (D)
  2 mummy priests (D)
  3 fire dragons (D)
  2 ogre magi (D)
  2 great orbs of eyes (D)
  Harold (D)
  2 yaktaur captains (D)
  2 rakshasas (D)
  A vault guard (D)
  2 ice dragons (D)
  A ghost crab (D)
  6 hydras (D)
  A death knight (D)
  An alligator (D)
  4 centaur warriors (D)
  2 two-headed ogres (D)
  A deep troll earth mage (D)
  A shock serpent (D)
  A spriggan berserker (D)
  2 deep elf knights (D)
  A shadow wraith (D)
  3 sea snakes (D)
  2 glowing orange brains (D)
  9 swamp dragons (D)
  7 orc knights (D)
  3 ironbrand convokers (D)
  A necromancer (D)
  A harpy (D)
  2 deep elf magi (D)
  3 wolf spiders (D)
  2 mana vipers (D)
  A manticore (D)
  A salamander (D)
  3 ugly things (D)
  Maurice (D)
  7 elephants (D)
  Psyche (D)
  2 vault sentinels (D)
  4 black mambas (D)
  3 naga magi (D)
  Joseph (D)
  2 spiny frogs (D)
  A yaktaur (D)
  A rime drake (D)
  A komodo dragon (D)
  3 demonic crawlers (D)
  A merfolk (D)
  A merfolk (shapeshifter) (D)
  4 jumping spiders (D)
  2 hornets (D)
  A wind drake (D)
  A meliai (shapeshifter) (D)
  A blink frog (shapeshifter) (D)
  2 hippogriffs (D)
  A slime creature (D)
  A slime creature (shapeshifter) (D)
  2 snapping turtles (D)
  A bog body (D)
  A tarantella (D)
  3 yaks (D)
  Grum (D)
  A basilisk (D)
  2 water moccasins (D)
  An acid dragon (D)
  18 orc warriors (D)
  A porcupine (D)
  A sky beast (D)
  An ice beast (D)
  A phantom (D)
  An eye of draining (D)
  A centaur (D)
  4 wolves (D)
  A crocodile (D)
  4 bullfrogs (D)
  A crimson imp (D)
  8 orc priests (D)
  3 orc wizards (D)
  2 worker ants (D)
  A gnoll (D)
  2 adders (D)
  2 adder zombies (D)
  An adder skeleton (D)
  4 orcs (D)
  A bat (D)
  A bat skeleton (D)
  A goblin (D)
  2 hobgoblins (D)
  A ball python simulacrum (D)
  A frilled lizard (D)
215 creatures vanquished.

Vanquished Creatures (others)
  A hydra (D)
  A vampire mosquito (D)
  2 swamp drakes (D)
4 creatures vanquished.

Grand Total: 219 creatures vanquished

Notes
Turn   | Place    | Note
-------+----------+-------------------------------------------
     0 | D        | George the Minotaur Fighter began the quest for the Orb.
     0 | D        | Reached XP level 1. HP: 19/19 MP: 0/0
    26 | D        | Reached skill level 1 in Dodging
    64 | D        | Noticed an ice beast
    64 | D        | Noticed a phantom
    65 | D        | Reached XP level 2. HP: 27/27 MP: 1/1
    80 | D        | Reached XP level 3. HP: 19/35 MP: 2/2
    90 | D        | Killed an ice beast
    90 | D        | Reached skill level 5 in Fighting
    90 | D        | Reached skill level 5 in Armour
    90 | D        | Reached skill level 5 in Shields
    90 | D        | Reached XP level 4. HP: 10/44 MP: 3/3
    96 | D        | Killed a phantom
    96 | D        | Reached XP level 5. HP: 8/51 MP: 4/4
   353 | D        | Found a roughly hewn altar of Beogh.
   353 | D        | Found a snail-covered altar of Cheibriados.
   353 | D        | Found a shadowy altar of Dithmenos.
   353 | D        | Found a white marble altar of Elyvilon.
   353 | D        | Found a blossoming altar of Fedhas.
   353 | D        | Found an opulent altar of Gozag.
   354 | D        | Found a hazy altar of Hepliaklqana.
   355 | D        | Found a viscous altar of Jiyva.
   356 | D        | Found an ancient bone altar of Kikubaaqudgha.
   357 | D        | Found a corrupted altar of Lugonu.
   358 | D        | Found a burning altar of Makhleb.
   359 | D        | Found a sparkling altar of Nemelex Xobeh.
   360 | D        | Found an iron altar of Okawaru.
   361 | D        | Found a stormy altar of Qazlal.
   362 | D        | Found a sacrificial altar of Ru.
   363 | D        | Found a deep blue altar of Sif Muna.
   364 | D        | Found a bloodstained altar of Trog.
   365 | D        | Found a hide-covered altar of Uskayaw.
   366 | D        | Found a radiant altar of Vehumet.
   367 | D        | Found an ornate altar of the Wu Jian Council.
   368 | D        | Found a shimmering altar of Xom.
   369 | D        | Found a basalt altar of Yredelemnul.
   370 | D        | Found a glowing silver altar of Zin.
   371 | D        | Found a glowing golden altar of the Shining One.
   380 | D        | Became a worshipper of Warmaster Okawaru
   401 | D        | Found the +8 whip "Snakebite" {curare, rPois}
   433 | D        | Noticed a centaur
   433 | D        | Noticed an eye of draining
   433 | D        | Noticed a sky beast
   437 | D        | Reached skill level 5 in Dodging
   439 | D        | Killed a sky beast
   439 | D        | Reached XP level 6. HP: 60/60 MP: 0/6
   451 | D        | Reached * piety under Okawaru
   451 | D        | Reached skill level 10 in Long Blades
   519 | D        | Noticed a centaur warrior
   528 | D        | Killed a centaur warrior
   528 | D        | Reached ** piety under Okawaru
   528 | D        | Reached skill level 5 in Invocations
   528 | D        | Reached XP level 7. HP: 43/70 MP: 7/9
   528 | D        | Reached XP level 8. HP: 48/78 MP: 7/10
   774 | D        | Noticed a spiny frog
   774 | D        | Noticed a six-headed hydra
   776 | D        | Noticed a rime drake
   780 | D        | Killed a six-headed hydra
   780 | D        | Reached *** piety under Okawaru
   780 | D        | Reached skill level 10 in Armour
   782 | D        | Noticed a komodo dragon
   783 | D        | Reached skill level 10 in Fighting
   787 | D        | Reached skill level 10 in Shields
   787 | D        | Reached XP level 9. HP: 66/85 MP: 10/12
   794 | D        | Killed a spiny frog
   800 | D        | Reached skill level 5 in Maces & Flails
   801 | D        | Killed a rime drake
   801 | D        | Reached **** piety under Okawaru
   806 | D        | Killed a komodo dragon
  1126 | D        | Noticed a spiny frog
  1126 | D        | Noticed a black mamba
  1138 | D        | Killed a black mamba
  1149 | D        | Reached XP level 10. HP: 84/96 MP: 14/14
  1154 | D        | Killed a spiny frog
  1156 | D        | Reached skill level 10 in Dodging
  1180 | D        | Noticed an elephant
  1180 | D        | Noticed an elephant
  1180 | D        | Noticed an elephant
  1180 | D        | Noticed an elephant
  1180 | D        | Noticed an elephant
  1180 | D        | Noticed a dire elephant
  1196 | D        | Killed a dire elephant
  1196 | D        | Reached ***** piety under Okawaru
  1196 | D        | Received a gift from Okawaru
  1200 | D        | Noticed an elephant
  1201 | D        | Killed an elephant
  1205 | D        | Noticed an elephant
  1211 | D        | Killed an elephant
  1222 | D        | Killed an elephant
  1230 | D        | Killed an elephant
  1237 | D        | Killed an elephant
  1272 | D        | Killed an elephant
  1276 | D        | Killed an elephant
  1276 | D        | Reached XP level 11. HP: 16/106 MP: 17/17
  1684 | D        | Noticed Maurice
  1686 | D        | Paralysed by Maurice for 7 turns
  1701 | D        | Killed Maurice
  1816 | D        | Noticed an orc knight
  1816 | D        | Noticed an orc knight
  1825 | D        | Killed an orc knight
  1831 | D        | Killed an orc knight
  1831 | D        | Received a gift from Okawaru
  1831 | D        | Reached skill level 10 in Maces & Flails
  1831 | D        | Reached skill level 10 in Invocations
  1837 | D        | Noticed an orc knight
  1866 | D        | Killed an orc knight
  2055 | D        | Found Cischit's Assorted Antiques.
  2055 | D        | Noticed an orc knight
  2055 | D        | Noticed an orc knight
  2061 | D        | Found Owkeb's Magic Scroll Shop.
  2068 | D        | Killed an orc knight
  2085 | D        | Killed an orc knight
  2086 | D        | Found Ycienien's Distillery.
  2097 | D        | Noticed an orc knight
  2098 | D        | Found Siudew's Antique Armour Shop.
  2104 | D        | Noticed an orc knight
  2122 | D        | Killed an orc knight
  2133 | D        | Killed an orc knight
  2366 | D        | Bought a scroll labeled DANUIR LAHUI for 24 gold pieces
  2366 | D        | Bought a scroll labeled OGOSELIBETO for 24 gold pieces
  2366 | D        | Bought a ruby ring for 120 gold pieces
  2366 | D        | Bought a scroll labeled DANUIR LAHUI for 24 gold pieces
  2366 | D        | Bought a wooden ring for 120 gold pieces
  2366 | D        | Bought a scroll labeled OGOSELIBETO for 24 gold pieces
  2382 | D        | Bought a potion of might for 48 gold pieces
  2382 | D        | Bought a potion of might for 48 gold pieces
  2382 | D        | Bought a potion of might for 48 gold pieces
  2382 | D        | Bought a potion of curing for 36 gold pieces
  2382 | D        | Bought a potion of curing for 36 gold pieces
  2382 | D        | Bought a potion of might for 48 gold pieces
  2403 | D        | Noticed Grum
  2415 | D        | Killed Grum
  2457 | D        | Noticed Psyche
  2462 | D        | Killed Psyche
  2462 | D        | Reached ****** piety under Okawaru
  2470 | D        | Noticed Harold
  2477 | D        | Killed Harold
  2521 | D        | Got the +9 long sword "Iluz" {freeze, rElec}
  2525 | D        | Found the +2 shield of Resistance {rF+ rC+ MR+}
  2612 | D        | Noticed a fire dragon
  2612 | D        | Noticed a deep elf mage
  2612 | D        | Noticed a two-headed ogre
  2617 | D        | Killed a two-headed ogre
  2617 | D        | Reached XP level 12. HP: 89/118 MP: 19/19
  2619 | D        | Noticed a stone giant
  2622 | D        | Noticed a two-headed ogre
  2626 | D        | Noticed a deep troll earth mage
  2639 | D        | Noticed a rakshasa
  2655 | D        | Killed a fire dragon
  2664 | D        | Killed a stone giant
  2664 | D        | Reached skill level 15 in Fighting
  2664 | D        | Reached skill level 15 in Armour
  2667 | D        | Noticed an ogre mage
  2670 | D        | Killed a two-headed ogre
  2670 | D        | Received a gift from Okawaru
  2670 | D        | Reached skill level 15 in Shields
  2675 | D        | Killed a deep troll earth mage
  2683 | D        | Killed an ogre mage
  2692 | D        | Killed a rakshasa
  2698 | D        | Noticed a tengu reaver
  2725 | D        | Killed a tengu reaver
  3172 | D        | Noticed Rupert
  3172 | D        | Paralysed by Rupert for 4 turns
  3206 | D        | Killed Rupert
  3206 | D        | Received a gift from Okawaru
  3207 | D        | Got an ancient scale mail {god gift}
  3223 | D        | Identified the +2 scale mail "Qampim" {MR++} (Okawaru gifted it to you in the Dungeon)
  3295 | D        | Reached skill level 15 in Dodging
  3295 | D        | Reached XP level 13. HP: 100/130 MP: 10/21
  3646 | D        | Noticed a spark wasp
  3670 | D        | Killed a spark wasp
  3753 | D        | Received a gift from Okawaru
  3764 | D        | Got a transparent cloak {god gift}
  3775 | D        | Identified the +2 cloak of George's Watchfulness {+Blink rF- rCorr Dex-4} (Okawaru gifted it to you in the Dungeon)
  3838 | D        | Noticed Joseph
  3852 | D        | Killed Joseph
  3911 | D        | Noticed a tentacled monstrosity
  3911 | D        | Noticed a fire dragon
  3911 | D        | Noticed a fire dragon
  3939 | D        | Killed a fire dragon
  3954 | D        | Killed a fire dragon
  3971 | D        | Killed a tentacled monstrosity
  3977 | D        | Reached skill level 15 in Invocations
  3982 | D        | Noticed a white very ugly thing
  4017 | D        | Killed a white very ugly thing
  4021 | D        | Noticed a red very ugly thing
  4044 | D        | Received a gift from Okawaru
  4044 | D        | Reached XP level 14. HP: 96/144 MP: 22/24
  4072 | D        | Killed a red very ugly thing
  4125 | D        | Got a jewelled morningstar {god gift}
  4126 | D        | Identified the +4 morningstar of Heeddies {speed, *Slow rPois rC++ rN+} (Okawaru gifted it to you in the Dungeon)
  4310 | D        | Noticed a greater mummy
  4310 | D        | Noticed an ironheart preserver
  4324 | D        | Killed an ironheart preserver
  4346 | D        | Killed a greater mummy
  4346 | D        | Received a gift from Okawaru
  4383 | D        | HP: 7/148 [yaktaur (11)]
  4390 | D        | HP: 6/148 [poisoned by an orange demon]
  4397 | D        | HP: 6/148 [poisoned by an orange demon]
  4402 | D        | HP: 6/148 [poisoned by an orange demon]
  4410 | D        | HP: 7/148 [poisoned by an orange demon]
  4566 | D        | HP: 7/148 [??? (5)]
  4569 | D        | Received a gift from Okawaru
  4590 | D        | Got an iridescent demon whip {god gift}
  4646 | D        | Identified the +5 demon whip of Compound Interest {vamp, *Rage +Inv MP+9 Int+3} (Okawaru gifted it to you in the Dungeon)
  4652 | D        | Got a dazzling scimitar {god gift}
  4653 | D        | Identified the +1 scimitar of the Hidden Vale {slice, +Fly} (Okawaru gifted it to you in the Dungeon)
  4668 | D        | Noticed an ironheart preserver
  4681 | D        | Killed an ironheart preserver
  5067 | D        | Got the +0 pair of boots of Beyond {rC+ Regen+ MP+9}
  5176 | D        | Noticed Jory
  5176 | D        | Noticed Boris
  5208 | D        | Killed Jory
  5229 | D        | Killed Boris
  5229 | D        | Received a gift from Okawaru
  5229 | D        | Reached XP level 15. HP: 70/158 MP: 26/26
  5614 | D        | Got a decaying rune of Zot
  5657 | D        | Received a gift from Okawaru
  5712 | D        | Killed a ghost moth
  5717 | D        | Killed a ghost moth
  5734 | D        | Killed a ghost moth
  5751 | D        | HP: 8/160 [emperor scorpion (1)]
  5755 | D        | Slain by an emperor scorpion

Vault maps used:
D:        linesprint

Skill      XL: |  1  2  3  4  5  6  7  8  9 10 11 12 13 14 15 |
---------------+----------------------------------------------+-----
Long Blades    | 3 4 6 8 9 11 13 14 | 14.0
Fighting       | 4 5 6 7 9 10 11 12 14 16 18 21 22 | 22.2
Armour         | 4 5 6 7 9 10 11 12 14 16 18 21 22 | 22.2
Dodging        | 1 2 3 4 5 7 8 9 11 13 15 17 19 20 | 20.5
Shields        | 4 5 6 7 9 10 11 12 14 16 18 20 22 | 22.1
Invocations    | 2 5 6 7 9 11 13 15 17 18 | 18.7
Maces & Flails | 4 6 9 11 12 | 12.0

Action                   |  1- 3 |  4- 6 |  7- 9 | 10-12 | 13-15 || total
-------------------------+-------+-------+-------+-------+-------++-------
Melee: Long sword        |    47 |     3 |       |       |   189 ||   239
       Headbutt          |     6 |     7 |    11 |   141 |   194 ||   359
       Whip              |       |    26 |    64 |   401 |   574 ||  1065
       Double sword      |       |       |       |       |    31 ||    31
Invok: Heroism           |       |       |       |     5 |     5 ||    10
       Finesse           |       |       |       |     4 |     4 ||     8
  Use: Scroll            |       |       |       |     3 |       ||     3
       Potion            |       |       |       |     2 |     2 ||     4
  Eat: Chunk             |       |       |     1 |     7 |     5 ||    13
       Ration            |       |       |       |       |     2 ||     2
Armor: Scale mail        |    19 |       |       |     7 |       ||    26
       Chain mail        |       |     3 |    24 |    11 |       ||    38
       Storm dragon scal |       |       |       |     4 |   171 ||   175
Dodge: Dodged            |    13 |     4 |    24 |    56 |   235 ||   332
Block: Shield            |    19 |     7 |    32 |   119 |   366 ||   543
       Rpst.: Long sword |     6 |       |       |       |    10 ||    16

Table legend:
 A = Spawn XP
 B = Non-spawn XP
 C = Spawn XP percentage of total XP
 D = Spawn monster count
 E = Non-spawn monster count
 F = Spawn count percentage of total count
 G = Total turns spent on level
                    A         B        C        D         E        F      G
               +---------+---------+-------+---------+---------+-------+---------
         Total |       0 |  128929 |   0.0 |       0 |     217 |   0.0 |  5755
               +---------+---------+-------+---------+---------+-------+---------
             D |       0 |  128929 |   0.0 |       0 |     217 |   0.0 |  5755
               +---------+---------+-------+---------+---------+-------+---------
